 Dungeon Crawl Stone Soup version 0.27-a0-1036-g8e1b44f6bd (webtiles) character file.

Game seed: 8871175540639480608

1 voltaire321 the Ducker (level 1, 0/18 HPs)
             Began as a Djinni Gladiator on Apr 19, 2021.
             Slain by a gnoll
             ... wielding a +0 flail
              (7 damage)
             ... on level 1 of the Dungeon.
             The game lasted 00:00:18 (31 turns).

voltaire321 the Ducker (Djinni Gladiator)             Turns: 31, Time: 00:00:18

Health: 0/18       AC:  5    Str: 13    XL:     1   Next: 20%
Gold:   0          EV: 12    Int:  9    God:
                   SH:  0    Dex: 14

rFire    + + .     SeeInvis .   a - +0 long sword
rCold    x . .     Faith    .   (no shield)
rNeg     . . .     Spirit   .   b - +0 leather armour
rPois    ∞         Reflect  .   c - +0 helmet
rElec    .         Harm     .   (no cloak)
rCorr    .         Rampage  .   e - +0 pair of gloves
Will     .....                  (boots unavailable)
Stlth    +.........             (no amulet)
HPRegen  0.06/turn              (no ring)
MPRegen  0.00/turn              (no ring)

@: flying
A: fire resistance 2, cold vulnerability 1, float, innate caster, hp casting,
extra vitality 1
a: no special abilities


You were on level 1 of the Dungeon.
You visited 1 branch of the dungeon, and saw 1 of its levels.

Inventory:

Hand Weapons
 a - a +0 long sword (weapon)
Missiles
 d - 3 throwing nets (quivered)
Armour
 b - a +0 leather armour (worn)
 c - a +0 helmet (worn)
 e - a +0 pair of gloves (worn)


   Skills:
 + Level 2.0 Fighting
 + Level 2.7 Long Blades
 - Level 1.5 Throwing
 + Level 3.3 Dodging
 + Level 0.0 Spellcasting


You couldn't memorise any spells.
You didn't know any spells.
Your spell library was empty.

Dungeon Overview and Level Annotations

Branches:
Dungeon (1/15)

Altars:


Innate Abilities, Weirdness & Mutations

You are immune to poison.
Your flesh is very heat resistant. (rF++)
You are vulnerable to cold. (rC-)
You float through the air rather than walking.
You learn spells naturally, not from books.
Your magical power is your life essence.
You have superior vitality. (+4 HP)


Message History

Welcome, voltaire321 the Djinni Gladiator.
Will you prevail where others failed? Will you find the Orb of Zot?
Press ? for a list of commands and other information.
Found a staircase leading out of the dungeon.
You reach down and open the gate.
There is an open gate here.
Found a pair of gloves.
A giant cockroach comes into view.
You slash the giant cockroach!
You kill the giant cockroach!
You see here a +0 pair of gloves.
e - a +0 pair of gloves You start putting on your armour.
You continue putting on your +0 pair of gloves. x4
You finish putting on your +0 pair of gloves.
A gnoll comes into view. It is wielding a +0 flail.
The gnoll shouts!
A rat comes into view.
A jackal comes into view.
The gnoll closely misses you.
You hit the gnoll.
The gnoll is lightly wounded.
A jackal comes into view.
The rat twitches its whiskers.
The gnoll hits you with a +0 flail.
You closely miss the gnoll.
The gnoll is lightly wounded.
The jackal barks!
A frilled lizard comes into view.
The gnoll closely misses you.
You riposte.
You closely miss the gnoll.
The gnoll is lightly wounded.
The frilled lizard hisses angrily.
You hit the gnoll.
The gnoll is severely wounded.
The gnoll hits you with a +0 flail. The gnoll hits you with a +0 flail!
You die...

#.. # #.. #.
#l# #.# #h# ...
.h# .## ..
##.##.### ..
..# #....gr.#
.##..
#....@#.##.....
#.##........#
.#.###.#.....#
#.............#
#.#######.....#
#.....####
##........
#...##### #...#


You could see a gnoll, 2 jackals, a frilled lizard and a rat.

Vanquished Creatures
  A giant cockroach (D:1)
1 creature vanquished.

Notes
Turn   | Place    | Note
-------+----------+-------------------------------------------
     0 | D:1      | voltaire321 the Djinni Gladiator began the quest for the
                  | Orb.
     0 | D:1      | Reached XP level 1. HP: 18/18 MP: 0/0
    31 | D:1      | Slain by a gnoll

Illustrated notes

Levels and vault maps discovered:
D:1:      dpeg_arrival_windows_large_door, layout_loops_cross

Action                   || total
-------------------------++-------
Melee: Long sword        ||     4
Dodge: Dodged            ||     2
       Rpst.: Long sword ||     1

Table legend: (Time is in decaauts)
 A = Elapsed time spent in this place.
 B = Non-inter-level travel time spent in this place.
 C = Inter-level travel time spent in this place.
 D = Time resting spent in this place.
 E = Time spent auto-exploring this place.
 F = Levels seen in this place.
 G = Mean time per level.
                   A        B        C        D        E       F      G
               +--------+--------+--------+--------+--------+-----+--------+
         Total |     31 |     31 |      0 |      0 |      6 |   1 |   31.0 |
       Dungeon |     31 |     31 |      0 |      0 |      6 |   1 |   31.0 |
               +--------+--------+--------+--------+--------+-----+--------+

Top non-repeatable levels by time:
     D:1: 31 daAuts
